 Dungeon Crawl Stone Soup version 0.27.1-4-g1640c2035a (webtiles) character file.

Game seed: 17713091505476875491

104 MisterFreud the Chopper (level 4, -2/40 HPs)
             Began as a Hill Orc Abyssal Knight on Nov 6, 2021.
             Was a Believer of Lugonu.
             Slain by an adder (3 damage)
             ... on level 5 of the Dungeon.
             The game lasted 00:04:14 (3885 turns).

MisterFreud the Chopper (Hill Orc Abyssal Knight)   Turns: 3885, Time: 00:04:15

Health: -2/40      AC:  3    Str: 21    XL:     4   Next: 80%
Magic:  5/5        EV: 11    Int: 12    God:    Lugonu [**....]
Gold:   115        SH:  0    Dex: 10    Spells: 3/3 levels left

rFire    . . .     SeeInvis .   a - +1 hand axe
rCold    . . .     Faith    .   (no shield)
rNeg     . . .     Spirit   .   b - +0 leather armour
rPois    .         Reflect  .   (no helmet)
rElec    .         Harm     .   (no cloak)
rCorr    .         Rampage  .   (no gloves)
Will     .....                  (no boots)
Stlth    +.........             (no amulet)
HPRegen  0.13/turn              i - +6 ring of strength
MPRegen  0.09/turn              (no ring)

@: no status effects
A: no striking features
a: Renounce Religion, Depart the Abyss, Bend Space


You were on level 5 of the Dungeon.
You worshipped Lugonu.
Lugonu was pleased with you.
You visited 1 branch of the dungeon, and saw 5 of its levels.
You visited the Abyss 1 time.

You collected 115 gold pieces.

Inventory:

Hand Weapons
 a - a +1 hand axe (weapon)
Missiles
 e - 28 poisoned darts
 f - 12 boomerangs
Armour
 b - a +0 leather armour (worn)
Jewellery
 i - a +6 ring of strength (left hand)
Scrolls
 d - 2 scrolls of fear
 g - a scroll of enchant armour {unknown}
 h - 3 scrolls of teleportation {unknown}
 j - 4 scrolls of identify {unknown}
 k - 2 scrolls of magic mapping {unknown}
 l - a scroll of noise {unknown}
 p - a scroll of silence {unknown}
Potions
 c - 3 potions of curing {unknown}
 m - a potion of brilliance {unknown}
 n - a potion of haste {unknown}
 o - a potion of attraction {unknown}
 q - a potion of degeneration {unknown}


   Skills:
 + Level 4.2 Fighting
 - Level 6.0 Axes
 - Level 2.1 Armour
 - Level 0.7 Dodging
 - Level 2.4 Invocations


You had 3 spell levels left.
You didn't know any spells.
Your spell library was empty.

Dungeon Overview and Level Annotations

Branches:
Dungeon (5/15)
 Temple: D:4-7

Altars:


Message History

The bullfrog skeleton closely misses you.
You hit the bullfrog skeleton.
The bullfrog skeleton is heavily damaged.
You closely miss the gnoll.
The bullfrog skeleton closely misses you.
The gnoll closely misses you.
The bullfrog skeleton barely misses you.
You hit the bullfrog skeleton.
The bullfrog skeleton is heavily damaged.
You hit the gnoll but do no damage. The gnoll completely misses you.
The bullfrog skeleton hits you.
You hit the bullfrog skeleton.
The bullfrog skeleton is severely damaged.
You hit the gnoll but do no damage. The gnoll hits you with a +0 flail!
The bullfrog skeleton barely misses you.
The gnoll hits you from afar with a +0 spear.
You hit the bullfrog skeleton.
The bullfrog skeleton is severely damaged.
You hit the gnoll but do no damage.
The bullfrog skeleton closely misses you.
The gnoll hits you with a +0 flail!
The gnoll hits you from afar with a +0 spear!
* * * LOW HITPOINT WARNING * * *
The bullfrog skeleton hits you.
* * * LOW HITPOINT WARNING * * *
The bullfrog skeleton hits you.
* * * LOW HITPOINT WARNING * * *
There is a stone staircase leading down here.
You climb downwards.
There is a stone staircase leading up here.
An adder comes into view.
Found 20 gold pieces.
The adder hisses angrily.
The gnoll hits you with a +0 flail.
* * * LOW HITPOINT WARNING * * *
Found 17 gold pieces.
Found a stone staircase leading up.
An iguana comes into view.
The iguana bites you but does no damage.
The adder bites you.
You die...

........ .# .......#
.# .......# .## ##
.......##..##...
.............. ....
....... #l##.......
##g.@#... ##..S...#
##.....#$#
.##########......$.#
.......<.............
..#.#######.......###
.........<.
##......$###
#.......#


You could see an iguana, a gnoll and an adder.

Vanquished Creatures
  A gnoll (D:4)
  4 adders
  A worm (D:4)
  8 orcs
  3 ball pythons
  3 bats
  5 endoplasms
  A giant cockroach (D:1)
  4 hobgoblins
  A kobold (D:4)
  3 quokkas (D:2)
  2 frilled lizards
  5 goblins
  2 rats (D:1)
43 creatures vanquished.

Notes
Turn   | Place    | Note
-------+----------+-------------------------------------------
     0 | Abyss:1  | MisterFreud the Hill Orc Abyssal Knight began the quest for
                  | the Orb.
     0 | Abyss:1  | Reached XP level 1. HP: 19/19 MP: 2/2
    59 | Abyss:1  | Noticed a raiju
    60 | D:1      | Escaped the Abyss
    73 | D:1      | Reached skill level 3 in Axes
    95 | D:1      | Reached XP level 2. HP: 2/26 MP: 3/3
  1114 | D:2      | Reached skill level 4 in Axes
  1364 | D:2      | Reached XP level 3. HP: 15/31 MP: 4/4
  1765 | D:2      | Reached skill level 5 in Axes
  2335 | D:2      | Reached ** piety under Lugonu
  2493 | D:2      | Reached XP level 4. HP: 39/39 MP: 5/5
  2882 | D:3      | Found a faded altar of an unknown god.
  2978 | D:3      | Reached skill level 6 in Axes
  3219 | D:3      | Noticed a black bear
  3458 | D:4      | HP: 1/40 [gnoll (10)]
  3874 | D:4      | HP: 1/40 [bullfrog skeleton (3)]
  3876 | D:5      | Entered Level 5 of the Dungeon
  3879 | D:5      | HP: 1/40 [gnoll (1)]
  3885 | D:5      | Slain by an adder

Illustrated notes

Levels and vault maps discovered:
D:1:      minmay_arrival_diagonal_passages, layout_rooms, serial_rivers,
          chequers_serial_rivers_small_b, chequers_serial_rivers_small_3,
          chequers_serial_rivers_large_b, chequers_serial_rivers_micro_b
D:2:      layout_loops_cross, minmay_circle_x
D:3:      layout_loops_ring, portal_sewer_entry_d,
          hellmonk_ecumenical_altar_inner_sanctum, minmay_quantized
D:4:      layout_basic, chequers_serial_rivers_micro_b
D:5:      layout_rooms, nicolae_elemental_shop, uniq_duvessa

Skill      XL: |  1  2  3  4 |
---------------+-------------+-----
Axes           | 3 4 5 6 |  6.0
Fighting       | 4 |  4.2
Armour         | |  2.1
Dodging        | |  0.7
Invocations    | |  2.4

Action                   |  1- 3 |  4- 6 || total
-------------------------+-------+-------++-------
Melee: Hand axe          |   103 |    65 ||   168
  Use: Scroll            |     1 |       ||     1
Armor: Leather armour    |    44 |    10 ||    54
Dodge: Dodged            |    80 |    47 ||   127
